 Dungeon Crawl Stone Soup version 0.24-a0-769-g368c164 (webtiles) character file.

Game seed: 16639549765570156337, levelgen mode: deterministic

7042 2tousent the Grappler (level 10, -9/71 HPs)
             Began as a Pale Draconian Transmuter on Oct 5, 2019.
             Was a Believer of Wu Jian.
             Mangled by Snorg (17 damage)
             ... on level 10 of the Dungeon.
             The game lasted 00:40:09 (9183 turns).

2tousent the Grappler (Pale Draconian Transmuter)   Turns: 9183, Time: 00:40:10

Health: -9/71      AC:  2    Str: 20    XL:     10   Next: 83%
Magic:  18/19      EV: 23    Int: 14    God:    Wu Jian [**....]
Gold:   601        SH:  0    Dex: 18    Spells: 9/21 levels left

rFire    . . .     SeeInvis .     - Unarmed
rCold    + . .     Gourm    .   (shield currently unavailable)
rNeg     . . .     Faith    .   (armour unavailable)
rPois    x         Spirit   .   (helmet currently unavailable)
rElec    .         Reflect  .   (cloak currently unavailable)
rCorr    .         Harm     .   (gloves currently unavailable)
MR       .....                  (boots currently unavailable)
Stlth    ++........             (no amulet)
HPRegen  0.21/turn              G - ring of Dagupt {rC+ Str+6}
MPRegen  0.16/turn              o - +4 ring of evasion

@: spider-form, starving
A: tiny, (breathe steam), unfitting armour, AC +7
a: End Transformation, Wall Jump, Renounce Religion


You were on level 10 of the Dungeon.
You worshipped Wu Jian.
Wu Jian was pleased with you.
You were starving.
You were a venomous arachnid creature.
You visited 2 branches of the dungeon, and saw 12 of its levels.
You also visited: Ossuary.

You collected 601 gold pieces.

Inventory:

Missiles
 a - 207 arrows
Armour
 f - a +0 pair of gloves
 y - a +2 pair of gloves (melded)
 A - a +1 cloak (melded)
 H - the +1 buckler "Oxtezx Lulyn" (melded) {rElec rPois rC+}
   (You found it on level 7 of the Dungeon)

   It protects you from cold.
   It insulates you from electricity.
   It protects you from poison.
 I - a +0 pair of gloves
Jewellery
 j - an uncursed ring of stealth
 o - a +4 ring of evasion (right front leg)
 r - an uncursed ring of protection from cold
 u - an uncursed ring of flight
 B - an uncursed amulet of harm
 D - an uncursed ring of positive energy
 F - an uncursed ring of see invisible
 G - the ring of Dagupt (left front leg) {rC+ Str+6}
   (You found it on level 7 of the Dungeon)

   [ring of protection from cold]

   It affects your strength (+6).
   It protects you from cold.
 M - an uncursed amulet of faith
Wands
 p - a wand of flame (16)
 C - a wand of paralysis (3)
Scrolls
 i - 3 scrolls of magic mapping
 k - 7 scrolls of teleportation
 l - 5 scrolls of remove curse
 n - 3 scrolls of amnesia
 q - 6 scrolls of identify
 s - a scroll of fog {unknown}
 J - 2 scrolls of fear
 K - a scroll of vulnerability {unknown}
Potions
 b - 3 potions of resistance
 d - a potion of lignification
 e - 3 potions of cancellation
 g - 12 potions of curing
 h - 2 potions of ambrosia
 m - 5 potions of flight
 t - a potion of magic
 v - 4 potions of haste
 w - 2 potions of brilliance
 x - 3 potions of heal wounds
 E - a potion of invisibility
Comestibles
 c - 25 rations


   Skills:
 + Level 1.1 Fighting
 - Level 1.7 Dodging
 + Level 4.2 Shields
 * Level 9.9 Unarmed Combat
 + Level 6.4 Spellcasting
 * Level 9.6 Transmutations
 - Level 4.0 Ice Magic
 - Level 4.1 Poison Magic


You had 9 spell levels left.
You knew the following spells:

 Your Spells              Type           Power        Failure   Level  Hunger
b - Spider Form           Tmut/Pois      ###.......   10%         3    ##.....
c - Ice Form              Ice/Tmut       ###.....     22%         4    ####...
d - Blade Hands           Tmut           ####......   21%         5    ######.

Your spell library contained the following spells:

 Spells                   Type           Power        Failure   Level  Hunger
 Beastly Appendage        Tmut           ####..       2%          1    None
 Sticks to Snakes         Tmut           ####....     3%          2    #......
 Confusing Touch          Hex            #.....       34%         1    None
 Infusion                 Chrm           #...         34%         1    None
 Shock                    Conj/Air       #...         34%         1    None
 Petrify                  Tmut/Erth      ###.....     41%         4    ####...
 Shroud of Golubria       Chrm/Tloc      #.....       43%         2    #......
 Song of Slaying          Chrm           #.......     43%         2    #......
 Swiftness                Chrm/Air       #.......     43%         2    #......
 Confuse                  Hex            #.......     63%         3    ##.....
 Gell's Gravitas          Tloc           #.........   63%         3    ##.....
 Regeneration             Chrm/Necr      #.........   63%         3    ##.....
 Spectral Weapon          Hex/Chrm       #.......     63%         3    ##.....
 Static Discharge         Conj/Air       #.......     63%         3    ##.....
 Yara's Violent Unravell  Hex/Tmut       ###.......   71%         5    ######.
 Airstrike                Air            #.........   94%         4    ####...
 Metabolic Englaciation   Hex/Ice        ##........   96%         5    ######.
 Lightning Bolt           Conj/Air       #.........   99%         5    ######.


Dungeon Overview and Level Annotations

Branches:
Dungeon (11/15)            Temple (1/1) D:4             Orc (0/2) D:9
Ossuary (visited)
   Lair: D:8-11

Altars:
Cheibriados
Dithmenos
Fedhas
Gozag
Kikubaaqudgha
Makhleb
Nemelex Xobeh
Okawaru
Ru
Sif Muna
Trog
Vehumet
Wu Jian
Xom
Yredelemnul
Zin
The Shining One

Shops:
D:7 (

Annotations:
D:10 Snorg


Innate Abilities, Weirdness & Mutations

((You can breathe blasts of scalding, opaque steam.))
((Your pale cyan-grey scales are hard. (AC +7)))
You cannot fit into any form of body armour.
((You are cold-blooded and may be slowed by cold attacks.))


Message History

Snorg completely misses you. Snorg barely misses you. x2
You spin and attack Snorg.
You hit Snorg.
Snorg looks as sick as possible!
Snorg is moderately wounded.
Snorg misses you. Snorg claws you. Snorg barely misses you.
Snorg goes berserk!
You lunge at Snorg.
You barely miss Snorg.
Snorg is heavily wounded.
Snorg closely misses you. Snorg barely misses you. Snorg completely misses you.
You spin and attack Snorg.
You hit Snorg but do no damage.
Snorg looks as sick as possible!
Snorg is heavily wounded.
Snorg completely misses you. Snorg misses you. Snorg barely misses you.
Snorg completely misses you. Snorg claws you. Snorg claws you!
You spin and attack Snorg.
You closely miss Snorg.
Snorg is heavily wounded.
Snorg bites you!!
* * * LOW HITPOINT WARNING * * *
Snorg closely misses you. Snorg barely misses you. Snorg closely misses you.
Snorg claws you!
You die...

# #.######### ## #.........# ..
#########.# .. .....# #.#######
.. .....####.[.....#
..##..........#####.#
##............# #.# #########
##............#####.# #........
..T............Ts##.#####.#######
....#########.##.##.##.....#.....
..........# #..#.##.##.##..#.....
..<.......####.#....##.##..#.....
...............#######.##..#.....
.............#.............#.....
####.............##.###.##.#.....
#.....#.###.#.##.# #.##.#####'
#.....#........#.# #....# #.


You could see Snorg (berserk).

Vanquished Creatures
  A hydra (D:9)
  Erica (D:10)
  2 two-headed ogres
  A hippogriff (D:7)
  A spriggan (D:9)
  Eustachio (D:4)
  3 yaks (D:9)
  A hungry ghost (D:8)
  Duvessa (D:7)
  An orc warrior (D:9)
  4 ogres
  2 ice beasts (D:9)
  3 sky beasts
  2 phantoms
  2 centaurs
  A big kobold (D:7)
  7 bullfrogs
  A wyvern skeleton (D:10)
  A scorpion (D:6)
  Dowan (D:7)
  3 howler monkeys
  2 vampire bats (D:4)
  5 crimson imps
  A bullfrog zombie (D:5)
  2 hounds
  A jelly (D:7)
  2 orc priests
  2 bullfrog skeletons
  A centaur skeleton (D:4)
  Jessica (D:2)
  3 iguanas
  9 orc wizards
  8 worker ants
  A big kobold zombie (Ossuary)
  8 mummies (Ossuary)
  A worker ant zombie (D:11)
  5 adders
  3 oozes
  4 worms
  2 dart slugs
  5 leopard geckos
  19 orcs
  10 bats
  2 bat skeletons (D:4)
  3 bat zombies (D:4)
  2 giant cockroaches
  10 hobgoblins
  10 kobolds
  6 quokkas
  A ball python (D:4)
  A ball python zombie (D:5)
  3 frilled lizards
  A gnoll zombie (Ossuary)
  5 goblins
  2 hobgoblin zombies (Ossuary)
  2 kobold zombies (Ossuary)
  2 orc zombies (Ossuary)
  A quokka skeleton (D:7)
  2 quokka zombies
  10 rats
198 creatures vanquished.

Notes
Turn   | Place    | Note
-------+----------+-------------------------------------------
     0 | D:1      | 2tousent the Draconian Transmuter began the quest for the
                  | Orb.
     0 | D:1      | Reached XP level 1. HP: 16/16 MP: 3/3
   297 | D:1      | Reached XP level 2. HP: 19/23 MP: 3/5
   766 | D:2      | Reached XP level 3. HP: 21/28 MP: 4/6
   845 | D:2      | Learned a level 3 spell: Spider Form
   961 | D:2      | Noticed Jessica
   968 | D:2      | Killed Jessica
   968 | D:2      | Reached XP level 4. HP: 21/35 MP: 0/7
  1540 | D:3      | Learned a level 4 spell: Ice Form
  1557 | D:3      | Reached XP level 5. HP: 30/40 MP: 6/9
  1585 | D:3      | Reached skill level 1 in Poison Magic
  1651 | D:3      | Found a glowing silver altar of Zin.
  1651 | D:3      | Found a bloodstained altar of Trog.
  2521 | D:4      | Noticed a phantom
  2543 | D:4      | Killed a phantom
  2543 | D:4      | Reached skill level 1 in Ice Magic
  2543 | D:4      | Reached XP level 6. HP: 19/47 MP: 1/10
  2910 | D:4      | Found an ancient bone altar of Kikubaaqudgha.
  2964 | D:4      | Found a staircase to the Ecumenical Temple.
  2971 | Temple   | Entered the Ecumenical Temple
  3002 | Temple   | Became a worshipper of the Wu Jian Council
  3118 | D:4      | Reached skill level 5 in Unarmed Combat
  3175 | D:4      | Noticed Eustachio
  3188 | D:4      | Killed Eustachio
  3188 | D:4      | Your scales start taking on a pale cyan-grey colour.
  3188 | D:4      | Reached XP level 7. HP: 41/52 MP: 5/12
  3422 | D:5      | Entered Level 5 of the Dungeon
  3422 | D:5      | Found a sand-covered staircase.
  3429 | Ossuary  | Entered an ossuary
  3994 | D:5      | Learned a level 5 spell: Blade Hands
  4020 | D:5      | Reached skill level 5 in Transmutations
  4375 | D:5      | Reached * piety under Wu Jian
  4378 | D:5      | Reached XP level 8. HP: 45/59 MP: 10/13
  4391 | D:5      | Found a shimmering altar of Xom.
  5017 | D:6      | Found a glowing golden altar of the Shining One.
  5248 | D:6      | Found a burning altar of Makhleb.
  5412 | D:7      | Noticed a hippogriff
  5429 | D:7      | Killed a hippogriff
  5429 | D:7      | Reached XP level 9. HP: 40/64 MP: 8/16
  5479 | D:7      | Paralysed by an orc for 6 turns
  5535 | D:7      | Found a shimmering blue altar of Sif Muna.
  5675 | D:7      | Reached ** piety under Wu Jian
  5746 | D:7      | Got a slimy iron ring
  5775 | D:7      | Noticed Duvessa
  5775 | D:7      | Noticed Dowan
  5783 | D:7      | Killed Dowan
  5786 | D:7      | Killed Duvessa
  5811 | D:7      | Got a heavily runed buckler
  5853 | D:7      | Identified the ring of Dagupt {rC+ Str+6} (You found it on
                  | level 7 of the Dungeon)
  5865 | D:7      | Identified the +1 buckler "Oxtezx Lulyn" {rElec rPois rC+}
                  | (You found it on level 7 of the Dungeon)
  5903 | D:7      | Found Qougoroc's Antique Weapon Shop.
  6053 | D:8      | Reached skill level 5 in Spellcasting
  6170 | D:8      | You fall into a shaft and drop 3 floors!
  6192 | D:11     | Reached skill level 1 in Shields
  6202 | D:10     | Entered Level 10 of the Dungeon
  6529 | D:9      | Found a blossoming altar of Fedhas.
  6558 | D:8      | Noticed a two-headed ogre
  6572 | D:8      | Killed a two-headed ogre
  6897 | D:8      | Reached XP level 10. HP: 51/71 MP: 18/18
  7777 | D:9      | Found a staircase to the Orcish Mines.
  7843 | D:9      | Noticed a two-headed ogre
  7859 | D:9      | Killed a two-headed ogre
  7916 | D:9      | Noticed a five-headed hydra
  7922 | D:9      | Killed a five-headed hydra
  8389 | D:10     | Noticed Erica
  8397 | D:10     | Killed Erica
  8722 | D:10     | Noticed Snorg
  9183 | D:10     | Mangled by Snorg

Levels and vault maps discovered:
D:1:      dpeg_arrival_tiny_h, layout_loops_cross
D:2:      minmay_evil_eye, layout_basic, minmay_domino_4, uniq_jessica
D:3:      layout_loops_ring, grunt_temple_overflow_open
D:4:      minmay_angry_zag, layout_loops_corners, kennysheep_vampire_church,
          minmay_temple_entry_junction_2, uniq_eustachio
D:5:      layout_rooms, kennysheep_little_box,
          lightli_ossuary_entry_decrepit_ruins, first_ration
D:6:      layout_rooms, nicolae_tso_carved_into_rock, minmay_misc_feat_iff,
          makhleb_heckhound_becter
D:7:      layout_loops_ring, nicolae_overflow_crystal_walls, serial_shops, shop,
          uniq_duvessa
D:8:      layout_basic
D:9:      layout_basic, orc_0_dummy, the_bakery, fedhas_altar_2
D:10:     layout_basic, basic_altar, uniq_erica, uniq_snorg
D:11:     layout_loops_corners, erik_lair_orcish_takeover,
          ebering_dispersal_statue_hall, jmf_multi_god_temple
Temple:   nicolae_temple_elliptical

Skill      XL: |  1  2  3  4  5  6  7  8  9 10 |
---------------+-------------------------------+-----
Transmutations | 3 4 5 6 8 9 |  9.6
Unarmed Combat | 4 5 7 8 9 |  9.9
Poison Magic   | 1 2 3 4 |  4.1
Spellcasting   | 3 4 5 6 |  6.4
Ice Magic      | 1 2 3 4 |  4.0
Shields        | 2 4 |  4.2
Fighting       | |  1.1
Dodging        | |  1.7

Action                   |  1- 3 |  4- 6 |  7- 9 | 10-12 || total
-------------------------+-------+-------+-------+-------++-------
Melee: Unarmed           |   104 |   184 |   329 |   108 ||   725
       Tailslap          |     8 |     4 |     8 |     4 ||    24
       Headbutt          |     4 |       |     1 |       ||     5
       Kick              |     5 |     2 |       |       ||     7
       Punch             |       |       |       |     1 ||     1
 Cast: Beastly Appendage |     9 |     1 |     1 |       ||    11
       Spider Form       |     3 |    25 |    37 |     9 ||    74
       Blade Hands       |       |       |     3 |     4 ||     7
       Ice Form          |       |       |     1 |     1 ||     2
Invok: Lunge             |       |     1 |    68 |    25 ||    94
       Whirlwind         |       |       |    92 |    30 ||   122
 Abil: Wall Jump         |       |       |       |     5 ||     5
  Use: Scroll            |       |     4 |    13 |     4 ||    21
       Potion            |       |     2 |     1 |       ||     3
 Stab: Sleeping          |     1 |     5 |     7 |     2 ||    15
       Distracted        |       |       |       |     1 ||     1
  Eat: Chunk             |     1 |    10 |    14 |     6 ||    31
       Ration            |       |       |     1 |     1 ||     2
Armor: Skin              |    28 |    21 |    41 |     1 ||    91
Dodge: Dodged            |    51 |   176 |   194 |    69 ||   490
Block: Buckler           |       |       |       |     1 ||     1

Table legend:
 A = Non-vault XP
 B = Vault XP
 C = Vault XP percentage of total XP
 D = Non-vault monster count
 E = Vault monster count
 F = Vault count percentage of total count
                 A         B        C        D         E       F
            +---------+---------+-------+---------+---------+-------
      Total |    8108 |    1953 |  19.4 |     158 |      40 |  20.2
            +---------+---------+-------+---------+---------+-------
        D:1 |      16 |       0 |   0.0 |       8 |       0 |   0.0
        D:2 |      55 |      56 |  50.5 |      22 |      10 |  31.2
        D:3 |      89 |       0 |   0.0 |      22 |       0 |   0.0
        D:4 |     310 |     323 |  51.0 |      14 |       9 |  39.1
        D:5 |     492 |       0 |   0.0 |      12 |       0 |   0.0
        D:6 |     658 |      43 |   6.1 |      12 |       1 |   7.7
        D:7 |    1213 |     216 |  15.1 |      24 |       2 |   7.7
        D:8 |    1781 |       0 |   0.0 |      19 |       0 |   0.0
        D:9 |    3061 |     220 |   6.7 |      13 |       1 |   7.1
       D:10 |     256 |     918 |  78.2 |       6 |       1 |  14.3
       D:11 |     177 |       0 |   0.0 |       6 |       0 |   0.0
    Ossuary |       0 |     177 | 100.0 |       0 |      16 | 100.0
            +---------+---------+-------+---------+---------+-------
